 Dungeon Crawl Stone Soup version 0.27.0-1-g7a089689b8 (webtiles) character file.

Game seed: 13253442189977752727

594 MajorAdolf the Covered (level 7, 0/62 HPs)
             Began as a Naga Wanderer on Aug 10, 2021.
             Slain by a wight (4 damage)
             ... on level 5 of the Dungeon.
             The game lasted 00:08:33 (6731 turns).

MajorAdolf the Covered (Naga Wanderer)              Turns: 6731, Time: 00:08:33

Health: 0/62       AC:  6    Str: 13    XL:     7   Next: 39%
Magic:  7/7        EV:  9    Int: 14    God:
Gold:   138        SH:  8    Dex: 12    Spells: 6/6 levels left

rFire    . . .     SeeInvis +   c - +0 hand axe
rCold    . . .     Faith    .   v - +0 kite shield
rNeg     . . .     Spirit   .   m - +0 scale mail
rPois    +         Reflect  .   (no helmet)
rElec    .         Harm     .   (no cloak)
rCorr    .         Rampage  .   (no gloves)
Will     .....                  (no barding)
Stlth    +.........             s - amulet of magic regeneration
HPRegen  0.20/turn              p - +4 ring of evasion
MPRegen  0.35/turn              (no ring)

@: very slow
A: AC +2, large, see invisible, deformed body, poison resistance, slowness 2,
spit poison 1, naga tail 1
a: Spit Poison


You were on level 5 of the Dungeon.
You visited 1 branch of the dungeon, and saw 5 of its levels.

You collected 138 gold pieces.

Inventory:

Hand Weapons
 a - a +2 hand crossbow
 c - a +0 hand axe (weapon)
 w - a +0 dagger of venom
Missiles
 b - 87 bolts
Armour
 e - a +0 robe
 m - a +0 scale mail (worn)
 v - a +0 kite shield (worn)
Jewellery
 p - a +4 ring of evasion (left hand)
 s - an amulet of magic regeneration (around neck)
Scrolls
 f - 2 scrolls of blinking {unknown}
 i - 3 scrolls of identify {unknown}
 j - a scroll of teleportation {unknown}
 k - 2 scrolls of amnesia {unknown}
 l - a scroll of silence {unknown}
 n - a scroll of brand weapon {unknown}
 t - a scroll of noise {unknown}
 u - 3 scrolls of enchant weapon {unknown}
Potions
 d - a potion of lignification
 g - a potion of berserk rage {unknown}
 h - a potion of brilliance {unknown}
 o - a potion of flight {unknown}
 q - 2 potions of haste {unknown}
 r - 2 potions of curing {unknown}


   Skills:
 + Level 3.0 Fighting
 - Level 4.3 Axes
 - Level 1.0 Bows
 - Level 1.0 Crossbows
 + Level 4.6 Armour
 + Level 1.5 Dodging
 - Level 4.0 Stealth
 + Level 2.0 Shields


You had 6 spell levels left.
You didn't know any spells.
Your spell library contained the following spells:

 Spells                   Type           Power      Damage    Failure   Level
 Static Discharge         Conj/Air       0%         N/A       100%        2
 Gell's Gravitas          Tloc           0%         N/A       100%        3
 Lesser Beckoning         Tloc           0%         N/A       100%        3
 Teleport Other           Tloc           0%         N/A       100%        3
 Lightning Bolt           Conj/Air       0%         1d11      100%        5
 Maxwell's Capacitive Co  Air            0%         ∞         100%        8


Dungeon Overview and Level Annotations

Branches:
Dungeon (5/15)
 Temple: D:4-7

Altars:
Fedhas
Gozag
Kikubaaqudgha
Trog


Innate Abilities, Weirdness & Mutations

Your serpentine skin is tough. (AC +2)
You have supernaturally acute eyesight. (SInv)
Armour fits poorly on your strangely shaped body.
Your system is resistant to poisons. (rPois)
You cover ground very slowly.
You can spit poison.
You have a snake-like lower body.


Message History

The wight is severely damaged.
You block the wight's attack. The wight hits you but does no damage.
You barely miss the wight. You hit the wight but do no damage.
Your transformation is almost over.
The wight hits you but does no damage. x2
Unknown command.
You closely miss the wight. You hit the wight but do no damage.
The wight hits you with a +0 short sword.
* * * LOW HITPOINT WARNING * * *
The wight hits you with a +4 short sword!
* * * LOW HITPOINT WARNING * * *
You hit the wight.
The wight is lightly damaged.
You hit the wight. You block the wight's attack.
The wight hits you but does no damage.
Unknown command.
Okay, then.
You barely miss the wight.
The wight is almost destroyed.
You hit the wight. You block the wight's attack.
The wight hits you with a +4 short sword.
* * * LOW HITPOINT WARNING * * *
You block the wight's attack. The wight hits you but does no damage.
Unknown command.
You hit the wight.
The wight is almost destroyed.
You closely miss the wight.
The wight hits you but does no damage. x2
Unknown command.
You hit the wight.
You destroy the wight!
You barely miss the wight. You block the wight's attack.
Your Fighting skill increases to level 3!
Your Shields skill increases to level 2!
Unknown command.
You hit the wight.
The wight is heavily damaged.
You feel less wooden.
Your +0 scale mail unmelds from your body.
The wight hits you with a +4 short sword.
You die...

##........
#...#..D.
#.......###
#.........#
##...##.#.# ##
#.#(# ..#.#
######z#
####....@)#
####.........#
#.......######
#.#####.#
#.######
#......#
#.######
#.#####.#
#.......# ####


You could see a wight.

Vanquished Creatures
  A steam dragon (D:5)
  A scorpion (D:3)
  A water moccasin zombie (D:5)
  A wight (D:5)
  2 hounds
  Terence (D:3)
  An iguana (D:5)
  2 orc wizards
  A scorpion zombie (D:5)
  3 adders
  2 worms
  2 dart slugs
  14 orcs
  7 endoplasms
  2 giant cockroaches (D:3)
  5 goblins
  9 hobgoblins
  4 jackals (D:1)
  3 quokkas
  7 ball pythons
  5 bats
  3 frilled lizards (D:1)
  2 kobolds
  4 rats
83 creatures vanquished.

Notes
Turn   | Place    | Note
-------+----------+-------------------------------------------
     0 | D:1      | MajorAdolf the Naga Wanderer began the quest for the Orb.
     0 | D:1      | MajorAdolf set off with the following items: a +2 hand
                  | crossbow, 24 bolts, a +0 hand axe, a potion of
                  | lignification, a +0 robe
     0 | D:1      | Reached XP level 1. HP: 19/19 MP: 1/1
   718 | D:1      | Reached skill level 1 in Axes
   718 | D:1      | Reached XP level 2. HP: 8/26 MP: 2/2
  1750 | D:1      | Reached XP level 3. HP: 30/32 MP: 3/3
  2539 | D:2      | Found a bloodstained altar of Trog.
  2812 | D:2      | Reached XP level 4. HP: 32/39 MP: 4/4
  3547 | D:3      | Noticed a scorpion
  3551 | D:3      | Killed a scorpion
  3552 | D:3      | Reached XP level 5. HP: 38/45 MP: 5/5
  3599 | D:3      | Found a blossoming altar of Fedhas.
  4223 | D:3      | Found a faded altar of an unknown god.
  4358 | D:3      | Found an opulent altar of Gozag.
  4650 | D:3      | Noticed Terence
  4658 | D:3      | Killed Terence
  4659 | D:3      | Reached XP level 6. HP: 52/52 MP: 6/6
  6141 | D:5      | Entered Level 5 of the Dungeon
  6141 | D:5      | Found an ancient bone altar of Kikubaaqudgha.
  6691 | D:5      | Reached skill level 1 in Dodging
  6691 | D:5      | Noticed a steam dragon
  6713 | D:5      | Killed a steam dragon
  6714 | D:5      | Reached XP level 7. HP: 15/61 MP: 7/7
  6731 | D:5      | Slain by a wight

Illustrated notes

Levels and vault maps discovered:
D:1:      dpeg_arrival_three_smaller_balls, layout_basic
D:2:      layout_loops_ring, basic_altar
D:3:      layout_rooms, fedhas_altar_fruit_tree, lemuel_doored_altar,
          chequers_ecumenical_altar_island, amcnicky_mini_pool_small,
          lemuel_old_faithful, uniq_terence
D:4:      layout_basic
D:5:      layout_loops_ring, mainiacjoe_overflow_cross_hatched,
          kennysheep_generic_room_13, uniq_crazy_yiuf_cottage

Skill      XL: |  1  2  3  4  5  6  7 |
---------------+----------------------+-----
Stealth        | 2 3 4 |  4.0
Axes           | 1 2 3 4 |  4.3
Armour         | 4 |  4.6
Dodging        | 1 |  1.5
Fighting       | 3 |  3.0
Shields        | 2 |  2.0
Bows           | |  1.0
Crossbows      | |  1.0

Action                   |  1- 3 |  4- 6 |  7- 9 || total
-------------------------+-------+-------+-------++-------
Melee: Hand axe          |    66 |   198 |     8 ||   272
       Dagger            |       |    11 |       ||    11
 Fire: Hand crossbow     |     6 |       |     4 ||    10
 Abil: Spit Poison       |    30 |    32 |       ||    62
  Use: Potion            |       |     1 |       ||     1
 Stab: Sleeping          |     1 |       |       ||     1
Armor: Robe              |    14 |    11 |       ||    25
       Scale mail        |       |    72 |       ||    72
       Skin              |       |    29 |     8 ||    37
Dodge: Dodged            |    51 |    75 |       ||   126
Block: Kite shield       |       |    37 |     7 ||    44
